[Event "Late-Titled-Tuesday-Blitz-March-05-2024"]
[Site "Chess.com"]
[Date "2024.03.05"]
[Round "6"]
[White "GianmarcoVaR"]
[Black "xasid81"]
[Result "0-1"]
[WhiteElo "2760"]
[BlackElo "2573"]
[TimeControl "180+1"]
[EndTime "15:06:31 PST"]
[Termination "xasid81 won on time"]

1. e4 e6 2. d4 d5 3. Nc3 dxe4 4. Nxe4 Be7 5. c3 Nf6 6. Bd3 Nxe4 7. Bxe4 Nd7 8. Nf3 Nf6 9. Bc2 b6 10. Qe2 O-O 11.
Bg5 Bb7 12. O-O-O h6 13. Bxf6 Bxf6 14. Kb1 Qd5 15. h4 Qh5 16. Rh3 c5 17. dxc5 bxc5 18. Rg1 Qg4 19. Rg3 Qf4 20. Qd3 Rfd8 21. Qh7+ Kf8 22.
Re1 Rab8 23. Nh2 Qxf2 24. Rge3 Qxg2 25. R3e2 Qd5 26. Ng4 Ke7 27. Nxf6 gxf6 28. Rxe6+ Qxe6 29. Rxe6+ Kxe6 30. Bb3+ Kd6 31. Qxh6 Be4+ 32. Kc1 Ke5 33. Qe3 f5 34. Qxc5+ Kf4 35. Qf2+ Bf3 36. Bc2 Rd5 37.
Qh2+ Ke3 38. Qxb8 f4 39. Qxa7+ Ke2 40. Qe7+ Kf2 41. Bb3 Rd3 42. Bc2 Re3 43. Qc5 Kf1 44. Qg5 Re1+ 45. Kd2 Re2+ 46. Kc1 Re1+ 47. Kd2 Re2+ 48.
Kd3 Be4+ 49. Kd4 Bxc2 50. Qxf4+ Ke1 51. Qxf7 Rd2+ 52. Kc5 Bd3 53. Qe7+ Kd1 54. h5 Rxb2 55. h6 Rxa2 56. Kd4 Kc2 57. Kc5 Ra5+ 58. Kb4 Ra6 59. c4 Rb6+ 60. Kc5 Rxh6 61. Qg5 Rh2 62. Kd4 Rd2 63.
c5 Be2+ 64. Ke5 Bc4 0-1

[Event "Late-Titled-Tuesday-Blitz-March-05-2024"]
[Site "Chess.com"]
[Date "2024.03.05"]
[Round "6"]
[White "FabianoCaruana"]
[Black "VladimirKramnik"]
[Result "0-1"]
[WhiteElo "3047"]
[BlackElo "2986"]
[TimeControl "180+1"]
[EndTime "15:06:33 PST"]
[Termination "VladimirKramnik won by resignation"]

1. e4 e6 2. d4 d5 3. Nc3 Nf6 4. e5 Nfd7 5. Nce2 c5 6. c3 Nc6 7.
f4 Be7 8. Nf3 O-O 9. a3 f6 10.
g3 cxd4 11. Nexd4 Nxd4 12. cxd4 fxe5 13. fxe5 Qb6 14. Be2 Nb8 15. b4 Bd7 16. O-O Bb5 17. Bxb5 Qxb5 18. a4 Qe8 19. Bd2 Nd7 20. a5 a6 21. Qb3 Nb8 22. Rac1 Nc6 23. b5 axb5 24. Qxb5 Nxe5 25. Qxe8 Nxf3+ 26. Rxf3 Raxe8 27. Rb3 Bf6 28. Be3 Rf7 29. Kg2 h5 30. Rb6 e5 31. dxe5 Rxe5 32.
Rb3 d4 33. Bxd4 Re2+ 34. Kf3 Rxh2 35. Bxf6 Rxf6+ 36. Ke4 Re2+ 37. Kd3 Rg2 38. Ke4 Re2+ 39. Kd3 Rfe6 40. Rxb7 R2e3+ 41. Kd4 Rxg3 42. Rc8+ Kh7 43. Rc5 Rg4+ 44. Kd3 Rd6+ 45. Kc3 Rh6 46. Rb6 Ra4 47. Kb3 Ra1 48. Kb2 Ra4 49. Kb3 Ra1 50. Kb2 Ra4 51.
Rb7 h4 52. Rcc7 Rg6 53. Rc5 Rg2+ 54. Kb3 Rag4 55. a6 R2g3+ 56. Kc2 Rf3 57. Kd2 Rg2+ 58.
Ke1 Ra3 59. Kf1 Rd2 60. Rh5+ Kg6 61. Re5 Ra1+ 62. Re1 Rxa6 63. Rb4 Kh5 64. Kg1 g5 65. Rb5 Raa2 66. Kh1 Rh2+ 67. Kg1 Rag2+ 68. Kf1 h3 69.
Rxg5+ 0-1

[Event "Late-Titled-Tuesday-Blitz-March-05-2024"]
[Site "Chess.com"]
[Date "2024.03.05"]
[Round "6"]
[White "Eliwood44"]
[Black "madstalk3rs"]
[Result "1-0"]
[WhiteElo "2527"]
[BlackElo "2639"]
[TimeControl "180+1"]
[EndTime "15:06:43 PST"]
[Termination "Eliwood44 won by resignation"]

1. d4 d5 2. c4 c6 3. Nf3 Nf6 4. e3 e6 5. Qc2 Bd6 6. b3 O-O 7. Bb2 Nbd7 8. Nbd2 Qe7 9. Bd3 b6 10. O-O Bb7 11. Rfe1 Rfe8 12. e4 dxe4 13. Nxe4 Nxe4 14. Rxe4 Ba3 15. Bxa3 Qxa3 16. c5 bxc5 17. Ne5 Nf6 18. Nc4 Qb4 19. a3 Qb5 20. Re5 Ba6 21. Rxc5 Qb8 22. Ne5 Qd6 23. Bxa6 Qxd4 24. Qc3 Qh4 25. Nf3 Qf4 26. Qe5 Qh6 27. Qg5 Qxg5 28. Nxg5 h6 29.
Nf3 Rab8 30. b4 Rb6 31. Bf1 Ne4 32. Rc4 Nd6 33. Rd4 Nb5 34. Bxb5 cxb5 35. Rc1 Kh7 36.
Ne5 f6 37. Nd7 Ra6 38. Rc7 Kg6 39. g4 Rxa3 40. h4 h5 41. Nc5 a5 42. Rdd7 Rg8 43.
bxa5 Rxa5 44. Nxe6 hxg4 45. Nxg7 b4 46. Ne6 b3 47.
Rb7 Re5 48. Nf4+ Kf5 49. Nd3 Re2 50. Rxb3 g3 51. Rb5+ Ke6 52. Nf4+ Kxd7 53. Nxe2 gxf2+ 54. Kxf2 Rg4 55. h5 Ke6 56. Kf3 Rh4 57. Nf4+ Kf7 58.
Kg3 Rh1 59. Kg4 Rg1+ 60. Kf3 Rf1+ 61. Kg3 Rh1 62. Rb7+ Kg8 63. Kg4 Rg1+ 64. Kf5 Rf1 65. Kg6 Kf8 66. Rf7+ Ke8 67. Rxf6 Rg1+ 68. Kf5 Ke7 69. Rg6 Rf1 70. h6 Rh1 71. Rg7+ Kf8 72. Ne6+ Ke8 73. Rg6 Rh5+ 74. Kf6 Rxh6 75. Rxh6 1-0

[Event "Late-Titled-Tuesday-Blitz-March-05-2024"]
[Site "Chess.com"]
[Date "2024.03.05"]
[Round "6"]
[White "kagg1125"]
[Black "NateSolon"]
[Result "1/2-1/2"]
[WhiteElo "2530"]
[BlackElo "2689"]
[TimeControl "180+1"]
[EndTime "15:07:17 PST"]
[Termination "Game drawn by repetition"]

1. e4 c5 2. Nf3 Nf6 3. e5 Nd5 4. Nc3 e6 5. Nxd5 exd5 6. d4 Nc6 7. dxc5 Bxc5 8. Bd3 d6 9. exd6 O-O 10.
O-O Qxd6 11. a3 h6 12. b4 Bb6 13. c4 Qf6 14. Rb1 dxc4 15. Bxc4 Rd8 16. Qb3 Nd4 17. Nxd4 Bxd4 18. Be3 Bf5 19. Rbd1 Bg6 20. Bxd4 Rxd4 21. Rxd4 Qxd4 22. Rd1 Qf6 23. h3 Rd8 24. Rxd8+ Qxd8 25. Qe3 b6 26. Qg3 Kh7 27. Kh2 Qd4 28. Bb3 Qb2 29. Bd5 a5 30. bxa5 bxa5 31. Qf3 f6 32. g3 Qe5 33. Ba2 Be4 34. Qb3 Qe8 35. h4 Bg6 36.
Qd5 Be4 37. Qxa5 Qe7 38. Qc3 Qa7 39. Qe3 Qb7 40. Qb3 Qa8 41. Bb1 Bxb1 42. Qxb1+ Kh8 43. Qd3 Qa7 44. Qe3 Qa4 45. Qf3 Kg8 46. Kg2 Kh8 47. g4 Kg8 48. h5 Kf7 49. Qd5+ Kf8 50. Qc5+ Kg8 51. Qc8+ Kh7 52. Qf5+ Kg8 53. Qf3 Kh8 54. Kg3 Qd4 55. Qe3 Qd6+ 56. Kh3 Kh7 57. Qe4+ Kh8 58. Qe3 Qa6 59. Kg2 Qb7+ 60. Qf3 Qa6 61. Qe3 Qb7+ 62. Kg3 Qa6 63. f3 Qa8 64. Qb3 Qd8 65. a4 Qd6+ 66. Kh3 Qc5 67. Qb8+ Kh7 68.
Qb1+ Kh8 69. Qa1 Qf2 70. Qc3 Qf1+ 71. Kg3 Qg1+ 72. Kf4 Qh2+ 73. Kf5 Qd6 74. Qc8+ Kh7 75. Qc3 Qd7+ 76. Kf4 Qxa4+ 77. Kg3 Qd7 78. Qe3 Qd6+ 79. Qf4 Qd5 80. Qe3 Qd6+ 81. Qf4 Qd7 82. Qe4+ Kg8 83. Qa8+ Kf7 84. Qa2+ Kf8 85. Qa8+ Kf7 86. Qa2+ Qe6 87. Qa7+ Kg8 88. Qa8+ Kf7 89. Qb7+ Kg8 90.
Qb8+ Kf7 91. Qc7+ Kg8 92. Qd8+ Kh7 93. Qd3+ Kg8 94. Qd8+ Kh7 95. Qd3+ Kg8 96. Qd8+ 1/2-1/2

[Event "Late-Titled-Tuesday-Blitz-March-05-2024"]
[Site "Chess.com"]
[Date "2024.03.05"]
[Round "6"]
[White "lefonghua"]
[Black "DonJuan_34"]
[Result "1/2-1/2"]
[WhiteElo "2607"]
[BlackElo "2472"]
[TimeControl "180+1"]
[EndTime "15:07:18 PST"]
[Termination "Game drawn by stalemate"]

1. d4 Nf6 2. c4 g6 3. Nc3 Bg7 4. e4 O-O 5. f4 d6 6. Nf3 c5 7. d5 e6 8. Be2 exd5 9. cxd5 Re8 10. Nd2 Nbd7 11. O-O a6 12. a4 Rb8 13. Kh1 Nf8 14. h3 Qc7 15. e5 dxe5 16. Nc4 b5 17. axb5 axb5 18. Nxe5 c4 19. Be3 Bd7 20. d6 Qc8 21. Kh2 b4 22. Na4 Bxa4 23. Rxa4 N6d7 24. Nxc4 Bxb2 25. Ba7 Bc3 26. Bxb8 Qxb8 27. Bf3 Qb5 28. Na5 Bd2 29. Bc6 Qd3 30. Rxb4 Qxd6 31. Rc4 Rc8 32.
Qf3 Bxa5 33. Rd1 Qe7 34. Re4 Qd8 35. Red4 Rc7 36. Qd5 Bb6 37. R4d3 Qb8 38. Bb5 Nc5 39. R3d2 Re7 40. Bc4 Qxf4+ 41. Kh1 Qe4 42. Rb2 Qxd5 43.
Bxd5 Bc7 44. Rc2 Bb6 45. Rf1 Ne4 46. Bxe4 Rxe4 47. Rc8 Re7 48. Rb8 Bd4 49. Rd8 Bg7 50.
Ra8 h5 51. Rd1 Kh7 52. Kg1 Ne6 53. Kf1 Nd4 54. Rd8 Re4 55. Rd7 Rf4+ 56. Kg1 Ne6 57.
Rf1 Rxf1+ 58. Kxf1 f5 59. Re7 Ng5 60. Ke2 Ne4 61. Kf3 Kh6 62. Rb7 h4 63. Rb6 Bf6 64. Ra6 Kg5 65. Ra8 Be5 66. Re8 Bg3 67. Rg8 Nf6 68. Ra8 Nd5 69. Rd8 Ne7 70. Re8 Nc6 71.
Rc8 Ne5+ 72. Ke2 Kf4 73. Kf1 g5 74. Ra8 g4 75. Ra4+ Kg5 76. hxg4 Nxg4 77. Ra5 Ne3+ 78. Kg1 Kg4 79. Kh1 f4 80. Ra8 Nf5 81. Rg8+ Kh5 82. Rh8+ Kg5 83. Rg8+ Kf6 84. Rf8+ Ke5 85. Re8+ Kd4 86.
Rf8 Ke4 87. Re8+ Kd3 88. Rf8 Nd4 89. Rd8 Ke3 90. Re8+ Kf2 91. Ra8 Ne2 92. Ra2 f3 93. gxf3 Kxf3 94. Rxe2 Kxe2 95. Kg1 Ke3 96. Kh1 Kf3 97.
Kg1 h3 98. Kh1 h2 1/2-1/2

[Event "Late-Titled-Tuesday-Blitz-March-05-2024"]
[Site "Chess.com"]
[Date "2024.03.05"]
[Round "6"]
[White "Igor_Lysyj"]
[Black "Squirlolz"]
[Result "1/2-1/2"]
[WhiteElo "2837"]
[BlackElo "2602"]
[TimeControl "180+1"]
[EndTime "15:07:24 PST"]
[Termination "Game drawn by stalemate"]

1. d4 Nf6 2. c4 c5 3. d5 e6 4.
Nc3 exd5 5. cxd5 d6 6. Nf3 g6 7. h3 Bg7 8. e4 O-O 9. Be3 Nbd7 10. Bd3 Nh5 11. O-O Ne5 12. Be2 Nxf3+ 13. Bxf3 Qh4 14.
Qd2 h6 15. Bxh6 Bxh6 16. Qxh6 Qf4 17. Qxf4 Nxf4 18. h4 Bd7 19. a4 c4 20. Rab1 Rfc8 21.
g3 Nd3 22. Be2 Nc5 23. Ra1 Nb3 24. Rad1 a6 25. f4 b5 26. e5 dxe5 27. fxe5 b4 28. Ne4 Bxa4 29. Nd6 c3 30. Nxc8 Rxc8 31. bxc3 bxc3 32.
Bxa6 Rd8 33. Rd3 c2 34. Rc3 c1=Q 35. Rcxc1 Nxc1 36. Rxc1 Rxd5 37. Re1 Bd7 38. Re3 Kg7 39. Be2 Rd4 40. Kf2 Be6 41. Ke1 Kf8 42. Bd3 Ke7 43.
Kd2 Ra4 44. Ke1 Ra2 45. Be2 Bd5 46. g4 Ra4 47. h5 gxh5 48. gxh5 Rh4 49. Kf2 Be6 50. Rg3 Kd7 51. Rg5 Kc6 52. Bf3+ Kc5 53. Kg3 Rh3+ 54. Kf4 Kd4 55. Bg4 Rh4 56. Kg3 Rh1 57.
Bxe6 fxe6 58. Kg2 Rh4 59. Kf3 Rh1 60. Ke2 Ke4 61. Kf2 Kf4 62. Rg6 Kxe5 63. h6 Kf5 64. Rg8 Rxh6 65. Rg3 Rh8 66. Ke2 Ra8 67. Rb3 Ra2+ 68.
Ke1 e5 69. Rc3 Ke4 70. Rb3 Rc2 71. Ra3 Rb2 72. Rc3 Kf4 73. Ra3 e4 74. Rh3 Ke5 75. Ra3 Rh2 76. Rb3 Kd4 77. Ra3 Rc2 78. Rb3 Ke5 79.
Ra3 Rc4 80. Rb3 Rd4 81. Ra3 Kf4 82. Rh3 Rd3 83. Rxd3 exd3 84. Kd2 Ke4 85. Kd1 Kd4 86. Kd2 Kc4 87. Kd1 Kc3 88. Kc1 Kd4 89. Kd2 Ke4 90. Kd1 Ke3 91. Ke1 d2+ 92. Kd1 Kd3 1/2-1/2

[Event "Late-Titled-Tuesday-Blitz-March-05-2024"]
[Site "Chess.com"]
[Date "2024.03.05"]
[Round "7"]
[White "Bkmzzzzz"]
[Black "1g60-1"]
[Result "1-0"]
[WhiteElo "2416"]
[BlackElo "2282"]
[TimeControl "180+1"]
[EndTime "15:08:41 PST"]
[Termination "Bkmzzzzz won by resignation"]

1. e4 e6 2. Nf3 c5 3. d3 Nc6 4. g3 Nge7 5. Bg2 g6 6. Nbd2 Bg7 7. O-O d5 8. Re1 Bd7 9. e5 Qc7 10. Qe2 h6 11. c3 Nxe5 12. Nxe5 1-0

[Event "Late-Titled-Tuesday-Blitz-March-05-2024"]
[Site "Chess.com"]
[Date "2024.03.05"]
[Round "7"]
[White "Perecke"]
[Black "prochn"]
[Result "1-0"]
[WhiteElo "2548"]
[BlackElo "2421"]
[TimeControl "180+1"]
[EndTime "15:09:14 PST"]
[Termination "Perecke won by checkmate"]

1. e4 c6 2. d4 d5 3. Nc3 dxe4 4.
Nxe4 Nf6 5. Nxf6+ exf6 6. c3 Bd6 7. Bd3 O-O 8. Ne2 Re8 9. O-O h5 10. Ng3 g6 11. Nxh5 gxh5 12. Qxh5 f5 13. Bg5 Be7 14.
Bc4 Be6 15. Bxe6 fxe6 16. Qg6+ Kh8 17. Qh6+ Kg8 18. Qxe6+ Kf8 19. Bh6# 1-0

[Event "Late-Titled-Tuesday-Blitz-March-05-2024"]
[Site "Chess.com"]
[Date "2024.03.05"]
[Round "7"]
[White "BebeBonito2022"]
[Black "Onthequiet"]
[Result "1-0"]
[WhiteElo "2316"]
[BlackElo "2409"]
[TimeControl "180+1"]
[EndTime "15:09:31 PST"]
[Termination "BebeBonito2022 won by resignation"]

1. d4 Nf6 2. c4 g6 3. Nc3 Bg7 4.
e4 d6 5. Nf3 O-O 6. h3 Nfd7 7.
Bg5 h6 8. Be3 c5 9. d5 Na6 10. Be2 Nc7 11. Qd2 Kh7 12. Bd3 a6 13. g4 e6 14. h4 exd5 15. exd5 b5 16. h5 bxc4 17. hxg6+ fxg6 18. Bxh6 Rxf3 19. Bxg7+ Kxg7 20. Qh6+ Kf7 21. Qxg6+ 1-0

[Event "Late-Titled-Tuesday-Blitz-March-05-2024"]
[Site "Chess.com"]
[Date "2024.03.05"]
[Round "7"]
[White "Harry_Rakkel"]
[Black "Eliwood44"]
[Result "1-0"]
[WhiteElo "2702"]
[BlackElo "2523"]
[TimeControl "180+1"]
[EndTime "15:09:53 PST"]
[Termination "Harry_Rakkel won by resignation"]

1. e4 e5 2. Nf3 Nc6 3. Bc4 Nf6 4. Ng5 d5 5. exd5 Na5 6. Bb5+ Bd7 7. Qe2 Be7 8. Nc3 O-O 9. O-O Bxb5 10. Qxb5 Nxd5 11. Nxd5 c6 12. Nxe7+ Qxe7 13. Qxa5 Qxg5 14. d4 1-0

[Event "Late-Titled-Tuesday-Blitz-March-05-2024"]
[Site "Chess.com"]
[Date "2024.03.05"]
[Round "7"]
[White "Rutricks"]
[Black "Igor_Lysyj"]
[Result "0-1"]
[WhiteElo "2724"]
[BlackElo "2843"]
[TimeControl "180+1"]
[EndTime "15:10:27 PST"]
[Termination "Igor_Lysyj won by resignation"]

1. Nc3 Nf6 2. e3 d5 3. d4 e6 4.
g3 c5 5. Bg2 Nc6 6. Nge2 b6 7.
O-O Bb7 8. b3 Be7 9. Bb2 O-O 10.
Rc1 Rc8 11. dxc5 Bxc5 12. Nb5 a6 13. Nbd4 Be7 14. c4 dxc4 15. Rxc4 Nxd4 16. Rxc8 Nxe2+ 17. Qxe2 Qxc8 0-1

[Event "Late-Titled-Tuesday-Blitz-March-05-2024"]
[Site "Chess.com"]
[Date "2024.03.05"]
[Round "7"]
[White "Squirlolz"]
[Black "Beca95"]
[Result "0-1"]
[WhiteElo "2600"]
[BlackElo "2963"]
[TimeControl "180+1"]
[EndTime "15:10:48 PST"]
[Termination "Beca95 won by resignation"]

1. b3 e5 2. Bb2 Nc6 3. e3 d5 4. Bb5 Ne7 5. Bxe5 a6 6. Bxc6+ Nxc6 7. Bg3 h5 8. h4 d4 9. d3 Bg4 10. f3 Bb4+ 11. Kf1 dxe3 12. fxg4 Qf6+ 13. Qf3 Qxa1 14. Qxe3+ Kf8 15. Qc1 Qf6+ 16. Bf4 Re8 17. g5 Re1+ 18.
Qxe1 Qxf4+ 19. Qf2 Qc1+ 20. Ke2 Qxc2+ 21. Kf3 Qxd3+ 22. Qe3 Ne5+ 0-1

[Event "Late-Titled-Tuesday-Blitz-March-05-2024"]
[Site "Chess.com"]
[Date "2024.03.05"]
[Round "7"]
[White "KuzubovYuriy"]
[Black "Heydarli77"]
[Result "1-0"]
[WhiteElo "2923"]
[BlackElo "2409"]
[TimeControl "180+1"]
[EndTime "15:11:03 PST"]
[Termination "KuzubovYuriy won by resignation"]

1. d4 d5 2. c4 dxc4 3. e4 c5 4.
d5 e6 5. Bxc4 Nf6 6. dxe6 Qxd1+ 7.
Kxd1 Bxe6 8. Bxe6 fxe6 9. f3 Nc6 10. Be3 Bd6 11. Nh3 O-O-O 12. Ke2 Be5 13. Nc3 Nd4+ 14. Bxd4 cxd4 15. Nd1 Bc7 16. Ndf2 e5 17. Nd3 Rhe8 18. Nhf2 b6 19. Rac1 Kb7 20. h4 Bd6 21. h5 Nd7 22.
Rh3 Rc8 23. Rxc8 Rxc8 24. Rg3 Bf8 25. Rg5 Re8 26. Ng4 h6 27. Rf5 Bd6 28. Rf7 Kc6 29.
Rxg7 1-0

[Event "Late-Titled-Tuesday-Blitz-March-05-2024"]
[Site "Chess.com"]
[Date "2024.03.05"]
[Round "7"]
[White "BeanScreen"]
[Black "secretsuperstar7"]
[Result "1-0"]
[WhiteElo "2711"]
[BlackElo "2506"]
[TimeControl "180+1"]
[EndTime "15:11:06 PST"]
[Termination "BeanScreen won by checkmate"]

1. e4 c5 2. c3 Nf6 3. e5 Nd5 4. Nf3 Nc6 5. Bc4 Nb6 6. Bb3 d5 7. exd6 exd6 8. O-O Be7 9. d4 c4 10. Bc2 d5 11. h3 O-O 12. Re1 Be6 13. Nbd2 Nd7 14.
Nf1 h6 15. Ng3 Nf6 16. Bf4 Qd7 17. Qd2 b5 18. Bxh6 gxh6 19. Qxh6 Rfe8 20. Nh5 Nxh5 21.
Qh7+ Kf8 22. Qh8# 1-0

[Event "Late-Titled-Tuesday-Blitz-March-05-2024"]
[Site "Chess.com"]
[Date "2024.03.05"]
[Round "7"]
[White "secretworker2027"]
[Black "KetiTsatsalashvili"]
[Result "1-0"]
[WhiteElo "2676"]
[BlackElo "2485"]
[TimeControl "180+1"]
[EndTime "15:11:13 PST"]
[Termination "secretworker2027 won by checkmate"]

1. e4 c5 2. Nf3 d6 3. d4 cxd4 4. Nxd4 Nf6 5. Nc3 Nc6 6. Nd5 Nxd5 7. exd5 Qa5+ 8. Bd2 Qxd5 9. Nb5 Qe5+ 10. Be2 d5 11. Bc3 d4 12. Nxd4 Nxd4 13. Bxd4 Qa5+ 14. Bc3 Qg5 15.
h4 Qc5 16. Qd2 a6 17. O-O-O Qc7 18. Ba5 b6 19. Bf3 Bb7 20. Bxb6 Qc8 21. Bxb7 Qxb7 22.
Qd8+ Rxd8 23. Rxd8# 1-0

[Event "Late-Titled-Tuesday-Blitz-March-05-2024"]
[Site "Chess.com"]
[Date "2024.03.05"]
[Round "7"]
[White "madstalk3rs"]
[Black "Sandstad"]
[Result "1-0"]
[WhiteElo "2644"]
[BlackElo "2469"]
[TimeControl "180+1"]
[EndTime "15:11:16 PST"]
[Termination "madstalk3rs won by resignation"]

1. e4 c6 2. d4 d5 3. e5 Bf5 4.
h4 h5 5. Bd3 Bxd3 6. Qxd3 e6 7.
Bg5 Qb6 8. Nd2 c5 9. c4 Qxb2 10. Rb1 Qxd4 11. Qe2 Nc6 12. Ngf3 Qc3 13. O-O Rc8 14.
Rxb7 Nge7 15. cxd5 exd5 16. Nb3 Nf5 17. Rc1 Nfd4 18.
Nfxd4 Nxd4 19. Nxd4 Qxc1+ 20. Bxc1 1-0

[Event "Late-Titled-Tuesday-Blitz-March-05-2024"]
[Site "Chess.com"]
[Date "2024.03.05"]
[Round "7"]
[White "grandcoach"]
[Black "maurovargas01"]
[Result "1-0"]
[WhiteElo "2211"]
[BlackElo "1825"]
[TimeControl "180+1"]
[EndTime "15:11:17 PST"]
[Termination "grandcoach won by checkmate"]

1. e4 d5 2. exd5 Qxd5 3. Nc3 Qa5 4. d4 c6 5. Bc4 Nf6 6. Ne2 Bf5 7. O-O e6 8. Ng3 Bd6 9. Nxf5 exf5 10. Re1+ Be7 11. Qe2 Qc7 12. Bf4 Qd7 13. Nb5 cxb5 14. Bxb5 Nc6 15.
Rad1 Nd5 16. Bg5 f6 17. c4 Ndb4 18. d5 fxg5 19. dxc6 bxc6 20. Rxd7 O-O 21. Qxe7 cxb5 22. Qxg7# 1-0

[Event "Late-Titled-Tuesday-Blitz-March-05-2024"]
[Site "Chess.com"]
[Date "2024.03.05"]
[Round "7"]
[White "Alphafischer2019"]
[Black "Practical-Play"]
[Result "1-0"]
[WhiteElo "2733"]
[BlackElo "2583"]
[TimeControl "180+1"]
[EndTime "15:11:25 PST"]
[Termination "Alphafischer2019 won by resignation"]

1. e4 c5 2. Nf3 a6 3. g3 b5 4. Bg2 Bb7 5. Qe2 d6 6. a4 b4 7. O-O g6 8. c3 a5 9. Re1 Bg7 10. d4 Nf6 11. e5 dxe5 12. dxe5 Nd5 13. e6 fxe6 14. Ng5 Bf6 15. c4 Nc6 16. Nxe6 Nd4 17. Nxd4 1-0

[Event "Late-Titled-Tuesday-Blitz-March-05-2024"]
[Site "Chess.com"]
[Date "2024.03.05"]
[Round "7"]
[White "Qvalda"]
[Black "Bekkedahl"]
[Result "1-0"]
[WhiteElo "2439"]
[BlackElo "2212"]
[TimeControl "180+1"]
[EndTime "15:11:49 PST"]
[Termination "Qvalda won by resignation"]

1. d4 Nf6 2. c4 g6 3. Nf3 Bg7 4. e3 O-O 5. Be2 d6 6. O-O Nc6 7. d5 Ne5 8. Nxe5 dxe5 9. Nc3 e6 10. Qb3 exd5 11. cxd5 c6 12. dxc6 bxc6 13. e4 Be6 14. Qa3 Qc7 15. Be3 Nd7 16. f3 f5 17. exf5 gxf5 18.
Rfd1 Nf6 19. Bc5 Rfd8 20. Bd6 Qb7 21. Bxe5 Nd5 22. Bxg7 Kxg7 23. Bc4 Qb6+ 24. Kh1 Nf4 25. Qe7+ Kh8 26. Qf6+ 1-0

[Event "Late-Titled-Tuesday-Blitz-March-05-2024"]
[Site "Chess.com"]
[Date "2024.03.05"]
[Round "7"]
[White "jinxy2009"]
[Black "NovakRatko"]
[Result "0-1"]
[WhiteElo "2192"]
[BlackElo "2393"]
[TimeControl "180+1"]
[EndTime "15:11:49 PST"]
[Termination "NovakRatko won by resignation"]

1. e4 d5 2. exd5 c6 3. dxc6 Nxc6 4. Nf3 e5 5. Nc3 Bd6 6. Bb5 Ne7 7. O-O O-O 8. d3 Bg4 9. h3 Bh5 10. Ne4 Bxf3 11. Qxf3 Nd4 12. Qh5 Nxb5 13. Ng5 h6 14. Ne4 f5 15. Bxh6 gxh6 16. Qxh6 fxe4 17. Qg5+ Kh7 18.
a4 Nd4 0-1

[Event "Late-Titled-Tuesday-Blitz-March-05-2024"]
[Site "Chess.com"]
[Date "2024.03.05"]
[Round "7"]
[White "chess94cu"]
[Black "HajiyevKanan"]
[Result "0-1"]
[WhiteElo "2642"]
[BlackElo "2556"]
[TimeControl "180+1"]
[EndTime "15:11:52 PST"]
[Termination "HajiyevKanan won by resignation"]

1. Nf3 d5 2. c4 c6 3. e3 Nf6 4. Nc3 g6 5. d4 Bg7 6. Be2 O-O 7.
O-O Ne4 8. Qc2 Nxc3 9. bxc3 Bg4 10. Rb1 Bf5 11. Bd3 Bxd3 12. Qxd3 b6 13. cxd5 cxd5 14. c4 dxc4 15. Qxc4 Nd7 16. Ba3 Re8 17. Rbc1 Nf6 18.
Rfd1 Qd5 19. Qe2 Qa5 20. Qd3 Rac8 21. Ne5 Qa4 22. Qb3 Qxb3 23. axb3 Bf8 24. Nc6 Kg7 25.
Nxa7 Ra8 26. Nb5 Ra5 27. Nc7 Rxa3 28. Nxe8+ Nxe8 29. Rd3 Nd6 30. Rc6 Ra1+ 0-1

[Event "Late-Titled-Tuesday-Blitz-March-05-2024"]
[Site "Chess.com"]
[Date "2024.03.05"]
[Round "7"]
[White "toninhojit"]
[Black "SnekkerAndersen"]
[Result "0-1"]
[WhiteElo "2532"]
[BlackElo "2714"]
[TimeControl "180+1"]
[EndTime "15:11:54 PST"]
[Termination "SnekkerAndersen won by resignation"]

1. d4 d5 2. c4 e6 3. Nf3 Nf6 4. Nc3 Be7 5. Bg5 O-O 6. e3 Nbd7 7. Rc1 c5 8. cxd5 Nxd5 9. Bxe7 Nxe7 10. Be2 b6 11. O-O Bb7 12. Qa4 cxd4 13. Nxd4 Nc5 14. Qd1 Rc8 15. Bf3 Bxf3 16. Qxf3 Nd3 17. Rcd1 Ne5 18.
Qg3 Qc7 19. Ndb5 Qb8 20. Nd6 N5g6 21. Nxc8 Qxc8 22. Qd6 Nf5 23. Qd7 Qa6 24. Qb5 Qc8 25. Rd7 a6 26. Qd3 Ne5 27. Qe4 Nxd7 28. Rd1 Nf6 29. Qa4 b5 30. Qb4 Rd8 0-1

[Event "Late-Titled-Tuesday-Blitz-March-05-2024"]
[Site "Chess.com"]
[Date "2024.03.05"]
[Round "7"]
[White "kleinebeer98"]
[Black "Szparu"]
[Result "1-0"]
[WhiteElo "2893"]
[BlackElo "2800"]
[TimeControl "180+1"]
[EndTime "15:11:57 PST"]
[Termination "kleinebeer98 won by checkmate"]

1. e4 c5 2. Nf3 a6 3. d4 cxd4 4. c3 dxc3 5. Nxc3 e6 6. Bd3 Nc6 7. O-O Nge7 8. Bg5 f6 9. Be3 Ng6 10. Na4 b5 11. Nb6 Rb8 12. Nxc8 Rxc8 13. a4 Rb8 14. axb5 axb5 15. Qe2 b4 16. Bb5 Be7 17. Bxc6 dxc6 18. Qc4 Qc8 19. Ra6 Nf8 20. Rxc6 Qd7 21. Ra1 Kf7 22. h3 Rb7 23. Raa6 Kg6 24. e5 f5 25. Rxe6+ Nxe6 26. Rxe6+ Kh5 27. g4+ fxg4 28. hxg4# 1-0

[Event "Late-Titled-Tuesday-Blitz-March-05-2024"]
[Site "Chess.com"]
[Date "2024.03.05"]
[Round "7"]
[White "s-dshubin"]
[Black "Nouali_Mohamed"]
[Result "0-1"]
[WhiteElo "2323"]
[BlackElo "2535"]
[TimeControl "180+1"]
[EndTime "15:12:04 PST"]
[Termination "Nouali_Mohamed won by resignation"]

1. e4 e5 2. Nf3 Nc6 3. Bc4 Nf6 4. d3 Bc5 5. Be3 d6 6. Bxc5 dxc5 7. c3 Qe7 8. Bb3 Be6 9. O-O O-O-O 10. Bc2 c4 11. Qe2 cxd3 12. Bxd3 Nh5 13. g3 Bg4 14. Nbd2 Qf6 15. Qe3 Nf4 16. Bc2 Qg6 17. Nh4 Qh6 18. f3 Nh3+ 0-1

[Event "Late-Titled-Tuesday-Blitz-March-05-2024"]
[Site "Chess.com"]
[Date "2024.03.05"]
[Round "7"]
[White "Kombinator01"]
[Black "ArtemDyachuk"]
[Result "0-1"]
[WhiteElo "2493"]
[BlackElo "2678"]
[TimeControl "180+1"]
[EndTime "15:12:11 PST"]
[Termination "ArtemDyachuk won by resignation"]

1. e4 e5 2. Nf3 Nc6 3. d4 exd4 4. Bc4 Nf6 5. e5 d5 6. Bb5 Ne4 7. Nxd4 Bc5 8. Be3 O-O 9. O-O Nxe5 10. Nc3 Nxc3 11. bxc3 Bd6 12. Be2 Re8 13. h3 Qh4 14. Nf3 Nxf3+ 15. Bxf3 c6 16. Re1 Bd7 17. c4 Rad8 18. cxd5 cxd5 19. Qxd5 Bc6 20. Qh5 Qxh5 21. Bxh5 Be5 22. Rad1 Bc3 23. Rxd8 Rxd8 24. Rd1 Rxd1+ 25. Bxd1 a5 26. Kf1 Bd5 27. Bf3 Bxa2 28. Bxb7 Bc4+ 29. Kg1 a4 30. Bc5 Bb2 31. Be4 a3 32. Bxa3 Bxa3 33.
f4 Bc5+ 34. Kh2 Be3 35. Kg3 g6 36. Kf3 Bd4 37. Bc6 Kg7 38. Ke4 Bb6 39. g4 Kf6 40. h4 Ke6 41. Bb7 f5+ 42. Kf3 Bd5+ 43. Bxd5+ Kxd5 44. h5 Kd4 45. hxg6 hxg6 46. Kg3 Ke4 47. c4 Bc7 48. gxf5 gxf5 49. c5 Bxf4+ 50. Kh4 Bc7 51. c6 f4 52. Kg4 Ke3 53. Kf5 f3 54. Ke6 f2 55. Kd7 Bb6 56. c7 Bxc7 0-1

[Event "Late-Titled-Tuesday-Blitz-March-05-2024"]
[Site "Chess.com"]
[Date "2024.03.05"]
[Round "7"]
[White "vladgoncharov"]
[Black "GiorgianBarbosa"]
[Result "1-0"]
[WhiteElo "2627"]
[BlackElo "2415"]
[TimeControl "180+1"]
[EndTime "15:12:12 PST"]
[Termination "vladgoncharov won by resignation"]

1. d4 Nf6 2. c4 e6 3. Nc3 d5 4. cxd5 exd5 5. Bg5 c6 6. e3 Be6 7. Bd3 Nbd7 8. Nge2 a6 9. O-O Bd6 10. Bf4 Be7 11.
a4 a5 12. h3 h6 13. Bh2 g5 14.
f4 g4 15. f5 gxh3 16. gxh3 Nf8 17. fxe6 Nxe6 18. Nf4 Ng5 19. Kh1 Qd7 20. Qc2 Nge4 21. Nxe4 dxe4 22. Bxe4 Nxe4 23. Qxe4 Kd8 24. Qf3 Bg5 25.
Nd3 f6 26. Nc5 Qh7 27. e4 Re8 28. d5 b6 29. Ne6+ Kd7 30. Rad1 c5 31. h4 Bxh4 32.
Qh3 Qxe4+ 33. Qf3 Qxa4 34. Qf5 Kc8 35. Nxc5+ 1-0

[Event "Late-Titled-Tuesday-Blitz-March-05-2024"]
[Site "Chess.com"]
[Date "2024.03.05"]
[Round "7"]
[White "HanSchut"]
[Black "XeresLt"]
[Result "0-1"]
[WhiteElo "2332"]
[BlackElo "2470"]
[TimeControl "180+1"]
[EndTime "15:12:17 PST"]
[Termination "XeresLt won by resignation"]

1. e4 e6 2. d4 c5 3. c4 cxd4 4. Qxd4 Nc6 5. Qd3 Bc5 6. Nc3 Nge7 7. a3 O-O 8. Be3 Ne5 9. Qd2 d6 10. h3 f5 11. f4 Bxe3 12. Qxe3 N5g6 13. O-O-O fxe4 14. Nxe4 d5 15. g3 Qc7 16. Ng5 Nf5 17. Qe1 dxc4 18.
Nxe6 Bxe6 19. Qxe6+ Kh8 20. Ne2 Nxg3 21. Rd7 Nxe2+ 22.
Bxe2 Qxf4+ 23. Kb1 Rae8 24. Re7 Rxe7 0-1